 Dungeon Crawl Stone Soup version 0.30.1-4-g462c640d31 (webtiles) character file.

Game seed: 2960906418080442176

47362 safid the Gelid (level 14, -11/115 HPs)
             Began as a Merfolk Ice Elementalist on Sept 13, 2023.
             Was a High Priest of Vehumet.
             Mangled by an enormous slime creature (50 damage)
             ... on level 12 of the Dungeon.
             The game lasted 00:47:42 (21327 turns).

safid the Gelid (Merfolk Ice Elementalist)         Turns: 21327, Time: 00:47:43

Health: -11/115    AC: 16    Str: 12    XL:     14   Next: 41%
Magic:  0/26       EV: 19    Int: 26    God:    Vehumet [*****.]
Gold:   1968       SH:  8    Dex: 17    Spells: 3/29 levels left

rFire   + . .        G - +4 trident (protect)
rCold   . . .        l - +2 buckler
rNeg    . . .        B - +2 robe {Will+}
rPois   +            x - +2 helmet
rElec   .            g - +2 cloak
rCorr   .            D - +2 pair of gloves
SInv    .            v - +2 pair of boots
Will    ++...        V - amulet of guardian spirit
Stlth   ++           H - ring "Fuly" {rPois Int+6 Slay+2}
HPRegen 0.39/turn    t - ring "Zybeavir" {rF+ Str+4 Dex+3}
MPRegen 0.20/turn

%: guardian spirit
@: freezing walls, slightly contaminated
A: (nimble swimmer 2), mertail
a: Renounce Religion


You were on level 12 of the Dungeon.
You worshipped Vehumet.
Vehumet was extremely pleased with you.
You visited 3 branches of the dungeon, and saw 18 of its levels.
You also visited: Sewer and Bailey.

You collected 1968 gold pieces.

Inventory:

Hand Weapons
 G - a +4 trident of protection (weapon)
 N - a +0 demon whip of venom
Missiles
 E - 12 curare-tipped darts
Armour
 g - a +2 cloak (worn)
 i - the -2 helmet "Unki" {rF++ rN+ MP+9 Int-5}
   (You found it on level 10 of the Dungeon)

   Int:       It affects your intelligence (-5).
   rF:        It greatly protects you from fire.
   rN:        It protects you from negative energy.
   MP:        It affects your magic capacity (+9).
 l - a +2 buckler (worn)
 v - a +2 pair of boots (worn)
 x - a +2 helmet (worn)
 B - a +2 robe of willpower (worn)
 D - a +2 pair of gloves (worn)
Jewellery
 a - a ring of see invisible
 t - the ring "Zybeavir" (right hand) {rF+ Str+4 Dex+3}
   (You found it on level 3 of the Dungeon)

   [ring of protection from fire]

   Str:       It affects your strength (+4).
   Dex:       It affects your dexterity (+3).
   rF:        It protects you from fire.
 H - the ring "Fuly" (left hand) {rPois Int+6 Slay+2}
   (You took it off a gnoll on level 6 of the Dungeon)

   [ring of intelligence]

   Int:       It affects your intelligence (+6).
   Slay:      It affects your accuracy & damage with ranged weapons and melee
   (+2).
   rPois:     It protects you from poison.
 M - a ring of flight
 V - an amulet of guardian spirit (around neck)
Wands
 e - a wand of flame (45)
 j - a wand of digging (3)
 s - a wand of polymorph (5)
 y - a wand of quicksilver (9)
 K - a wand of iceblast (15)
 P - a wand of paralysis (24)
Scrolls
 c - 4 scrolls of amnesia
 d - 5 scrolls of fear
 k - 5 scrolls of teleportation
 m - 4 scrolls of brand weapon
 n - 2 scrolls of butterflies
 o - 5 scrolls of enchant weapon
 w - 5 scrolls of fog
 z - a scroll of magic mapping {unknown}
 A - 6 scrolls of blinking
Potions
 b - 5 potions of magic
 h - 3 potions of lignification
 p - 7 potions of brilliance
 q - a potion of attraction {unknown}
 r - 2 potions of might
 u - 3 potions of heal wounds
 C - a potion of berserk rage
 F - a potion of resistance
 I - 3 potions of flight
 L - 4 potions of curing
 O - 7 potions of haste
 R - a potion of invisibility {unknown}
 T - a potion of ambrosia {unknown}
 U - a potion of mutation {unknown}


   Skills:
 - Level 12.0 Fighting
 - Level 12.0 Dodging
 - Level 2.1 Stealth
 - Level 6.0 Shields
 - Level 8.0 Spellcasting
 - Level 4.0 Conjurations
 - Level 4.0 Translocations
 + Level 10.5 Transmutations
 + Level 15.8 Ice Magic
 - Level 2.0 Air Magic


You had 3 spell levels left.
You knew the following spells:

 Your Spells              Type           Power      Damage    Failure   Level
a - Irradiate             Conj/Tmut      24%        3d19      3%          5
b - Frozen Ramparts       Ice            100%       1d16      1%          3
c - Ozocubu's Armour      Ice            75%        N/A       1%          3
d - Freezing Cloud        Conj/Ice/Air   24%        6-21      3%          5
e - Ozocubu's Refrigerat  Ice            37%        4d15      2%          7
f - Blink                 Tloc           62%        N/A       2%          2
g - Freeze                Ice            100%       1d10      0%          1

Your spell library contained the following spells:

 Spells                   Type           Power      Damage    Failure   Level
 Beastly Appendage        Tmut           100%       N/A       1%          1
 Shock                    Conj/Air       100%       1d9       1%          1
 Ensorcelled Hibernation  Hex/Ice        100%       N/A       1%          2
 Momentum Strike          Conj/Tloc      62%        3d9       1%          2
 Passwall                 Tmut/Erth      30%        N/A       1%          2
 Wereblood                Tmut           60%        N/A       1%          2
 Sandblast                Erth           20%        2d7       2%          1
 Lesser Beckoning         Tloc           62%        N/A       2%          2
 Poisonous Vapours        Pois/Air       30%        N/A       2%          2
 Mephitic Cloud           Conj/Pois/Air  20%        N/A       2%          3
 Spider Form              Tmut/Pois      37%        N/A       2%          3
 Necrotise                Necr           40%        1d6       8%          1
 Swiftness                Air            20%        N/A       10%         3
 Vampiric Draining        Necr           10%        2d6       22%         3
 Summon Ice Beast         Ice/Summ       51%        N/A       2%          4
 Animate Armour           Summ/Erth      20%        N/A       58%         4
 Conjure Ball Lightning   Conj/Air       13%        3x3d6     58%         6
 Agony                    Necr           10%        N/A       90%         5


Dungeon Overview and Level Annotations

Branches:
Dungeon (12/15)            Temple (1/1) D:5            Lair (5/5) D:11
 Shoals (0/4) Lair:2        Snake (0/4) Lair:2        Slime (0/5) Lair:4
    Orc (0/2) D:12          Sewer (visited)          Bailey (visited)

Altars:
Ashenzari
Cheibriados
Dithmenos
Elyvilon
Fedhas
Gozag
Hepliaklqana
Kikubaaqudgha
Makhleb
Nemelex Xobeh
Okawaru
Qazlal
Ru
Sif Muna
Trog
Uskayaw
Vehumet
Wu Jian
Xom
Yredelemnul
Zin
The Shining One

Annotations:
D:4 exclusion: phantom
D:11 exclusion: ice statue
Lair:3 exclusion: oklob plant


Innate Abilities, Weirdness & Mutations

((You are very nimble when in or above water. (Stealth+, EV+, Speed+++)))
Your lower body shifts to a powerful aquatic tail in water.


Message History

You puncture the very large slime creature!
The very large slime creature is heavily wounded.
Two slime creatures merge to form an enormous slime creature.
Casting: Frozen Ramparts (safe; 1% risk of failure)
Confirm with . or Enter, or press ? or * to list all spells.
Casting: Frozen Ramparts (safe; 1% risk of failure)
Press: ? - help, Dir - look around, f - activate The walls around you are covered in ice.
The wall freezes the enormous slime creature!
The enormous slime creature hits you!
Unknown command.
You hit the enormous slime creature.
The enormous slime creature is heavily wounded.
The wall freezes the enormous slime creature.
The enormous slime creature hits you!!!
You hear a bellow!
Unknown command.
Casting: Frozen Ramparts (safe; 1% risk of failure)
Confirm with . or Enter, or press ? or * to list all spells.
You erupt in a fountain of uncontrolled magic!
The enormous slime creature is blasted with magical radiation!!
The enormous slime creature is heavily wounded.
You are very lightly contaminated with residual magic.
You hear a bellow! x2
The wall freezes the enormous slime creature!
The enormous slime creature hits you but does no damage.
The wall freezes the enormous slime creature.
The enormous slime creature hits you!!!
You hear a bellow! x2
Casting: Irradiate (dangerous; 3% risk of failure)
Confirm with . or Enter, or press ? or * to list all spells.
You erupt in a fountain of uncontrolled magic!
The enormous slime creature is blasted with magical radiation!!
The enormous slime creature is severely wounded.
You are lightly contaminated with residual magic.
The wall freezes the enormous slime creature!
The enormous slime creature closely misses you.
The wall freezes the enormous slime creature!
The enormous slime creature hits you!!!
You die... ... .YJ

#J##### # #####......
. ...?...... #......
#...#
#.#######...##########
#....@J.(.............
##############........
##########........
...................
.....(.............
..........########.
..........# #.
.>........# #.
..........########.


You could see an enormous slime creature.

Vanquished Creatures
  A dire elephant (Lair:5)
  Snorg (D:11)
  3 hydras
  A catoblepas (Lair:5)
  A merfolk avatar (Lair:5)
  2 boulder beetles (D:12)
  3 death yaks (D:11)
  Amaemon (Lair:3)
  2 skysharks (Lair:5)
  Pikel (D:9)
  A bog body (D:11)
  2 orc knights (Bailey)
  A harpy (Lair:5)
  A manticore (Lair:2)
  A cyclops (D:12)
  An ugly thing (D:12)
  5 elephants (Lair:1)
  3 black mambas
  A slime creature (D:12)
  A gargoyle (D:12)
  An orange demon (Lair:3)
  5 rime drakes
  8 cane toads
  An unseen horror zombie (D:8)
  3 kobold demonologists
  An ice devil (D:11)
  10 komodo dragons
  5 polar bears
  2 hornets
  2 trolls
  3 wind drakes
  16 blink frogs
  A snapping turtle (Lair:5)
  11 dream sheep
  A centaur simulacrum (D:12)
  2 shadows
  5 wyverns
  2 wraiths
  30 yaks
  Eustachio (D:5)
  A vampire (D:11)
  2 vampire mosquitoes (D:11)
  7 basilisks
  3 steam dragons
  An acid dragon (D:11)
  10 water moccasins
  Duvessa (D:6)
  18 orc warriors
  An ice beast (D:7)
  A sky beast (D:7)
  4 black bears
  11 wolves (Lair:4)
  4 centaurs
  A lemure (D:9)
  3 phantoms
  8 kobold brigands
  A wyvern zombie (D:8)
  9 bullfrogs
  2 gnoll sergeants
  3 scorpions
  A necrophage (D:8)
  A two-headed ogre simulacrum (D:11)
  2 wights (D:8)
  Dowan (D:6)
  5 killer bees (D:9)
  An elephant simulacrum (D:11)
  11 howler monkeys
  7 electric eels (Bailey)
  6 hounds
  A centaur zombie (D:8)
  A human zombie (D:8)
  4 orc priests
  3 jellies
  2 sleepcaps
  2 iguanas
  9 orc wizards
  2 polar bear simulacra (D:11)
  3 troll simulacra (D:11)
  2 killer bee zombies (D:8)
  3 mummies (D:8)
  18 gnolls
  10 adders
  A naga simulacrum (D:11)
  3 river rats
  2 shadow imps
  A white imp (D:6)
  2 ufetubi
  2 worms
  3 dart slugs
  70 orcs
  8 endoplasms
  3 giant cockroaches
  20 goblins
  14 hobgoblins
  30 kobolds
  7 quokkas
  12 ball pythons
  6 bats
  5 frilled lizards
  9 rats
  A butterfly (Lair:2)
528 creatures vanquished.

Notes
Turn   | Place    | Note
-------+----------+-------------------------------------------
     0 | D:1      | safid the Merfolk Ice Elementalist began the quest for the
                  | Orb.
     0 | D:1      | Reached XP level 1. HP: 13/13 MP: 3/3
   265 | D:1      | Reached XP level 2. HP: 20/20 MP: 5/5
   285 | D:1      | Got Sif Muna's Directory of Sandy Percussion
   305 | D:1      | Reached skill level 1 in Fighting
   782 | D:2      | Reached XP level 3. HP: 11/26 MP: 3/6
  1222 | D:2      | Found a faded altar of an unknown god.
  1340 | D:3      | Reached skill level 5 in Ice Magic
  1340 | D:3      | Reached XP level 4. HP: 33/33 MP: 1/8
  1861 | D:3      | Identified the ring "Zybeavir" {rF+ Str+4 Dex+3}
  1929 | D:3      | Found a hazy altar of Hepliaklqana.
  1930 | D:3      | Found a snail-covered altar of Cheibriados.
  1930 | D:3      | Found a hide-covered altar of Uskayaw.
  2279 | D:4      | Learned a level 3 spell: Frozen Ramparts
  2283 | D:4      | Learned a level 3 spell: Ozocubu's Armour
  2471 | D:4      | Noticed a phantom
  2518 | D:4      | Reached XP level 5. HP: 32/39 MP: 7/9
  2737 | D:4      | Reached skill level 1 in Shields
  2739 | D:4      | Reached XP level 6. HP: 24/47 MP: 0/11
  3684 | D:5      | Entered Level 5 of the Dungeon
  3708 | D:5      | Reached XP level 7. HP: 41/52 MP: 8/12
  3824 | D:5      | Found a staircase to the Ecumenical Temple.
  3839 | Temple   | Entered the Ecumenical Temple
  3969 | Temple   | Became a worshipper of Vehumet
  4096 | D:5      | Noticed Eustachio
  4124 | D:5      | Killed Eustachio
  4125 | D:5      | Reached skill level 6 in Ice Magic
  4270 | D:5      | Learned a level 5 spell: Freezing Cloud
  4324 | D:5      | Found a shimmering blue altar of Sif Muna.
  4546 | D:5      | Reached skill level 5 in Dodging
  4696 | D:5      | Reached XP level 8. HP: 60/61 MP: 10/14
  5165 | D:6      | Reached * piety under Vehumet
  5165 | D:6      | Offered knowledge of Magic Dart by Vehumet.
  5198 | D:6      | Found a glowing drain.
  5210 | Sewer    | Entered a sewer
  6237 | Sewer    | Offered knowledge of Searing Ray by Vehumet.
  6356 | D:6      | Reached ** piety under Vehumet
  6357 | D:6      | Reached skill level 5 in Fighting
  6371 | D:6      | Reached skill level 7 in Ice Magic
  6587 | D:6      | Noticed Dowan
  6603 | D:6      | Killed Dowan
  6604 | D:6      | Reached skill level 5 in Spellcasting
  6725 | D:6      | Noticed Duvessa
  6735 | D:6      | Killed Duvessa
  6736 | D:6      | Reached XP level 9. HP: 33/68 MP: 13/16
  6969 | D:6      | Identified the ring "Fuly" {rPois Int+6 Slay+2}
  7427 | D:7      | Noticed a hornet
  7440 | D:7      | Killed a hornet
  7547 | D:7      | Reached skill level 8 in Ice Magic
  7862 | D:7      | Offered knowledge of Dazzling Flash by Vehumet.
  8335 | D:8      | Reached *** piety under Vehumet
  8339 | D:8      | Reached XP level 10. HP: 77/79 MP: 14/19
  8448 | D:8      | Reached skill level 9 in Ice Magic
  8768 | D:8      | Found a sacrificial altar of Ru.
  9008 | D:8      | Found a basalt altar of Yredelemnul.
  9070 | D:8      | Offered knowledge of Airstrike by Vehumet.
  9495 | D:9      | Noticed Pikel
  9502 | D:9      | Killed Pikel
  9582 | D:9      | Reached skill level 10 in Ice Magic
  9664 | D:9      | Found an iron altar of Okawaru.
 10107 | D:10     | Entered Level 10 of the Dungeon
 10133 | D:10     | Noticed a kobold demonologist
 10141 | D:10     | Killed a kobold demonologist
 10142 | D:10     | Reached XP level 11. HP: 89/89 MP: 17/23
 10154 | D:10     | Found a stormy altar of Qazlal.
 10207 | D:10     | Reached **** piety under Vehumet
 10217 | D:10     | Found a flagged portal.
 10235 | Bailey   | Entered a bailey
 10390 | Bailey   | Noticed a sun demon
 10413 | Bailey   | Offered knowledge of Yara's Violent Unravelling by Vehumet.
 10661 | Bailey   | Noticed an orc knight
 10727 | Bailey   | Killed an orc knight
 10728 | Bailey   | Reached skill level 10 in Fighting
 10728 | Bailey   | Reached skill level 11 in Ice Magic
 10843 | Bailey   | Found an iron altar of Okawaru.
 11067 | Bailey   | Noticed an orc knight
 11218 | Bailey   | Killed an orc knight
 11590 | D:10     | Acquired 847 gold pieces
 11995 | D:10     | Identified the -2 helmet "Unki" {rF++ rN+ MP+9 Int-5}
 12655 | D:11     | Reached skill level 5 in Shields
 12693 | D:11     | Noticed a death yak
 12722 | D:11     | Killed a death yak
 12729 | D:11     | Noticed a death yak
 12745 | D:11     | Killed a death yak
 13299 | D:11     | Noticed Snorg
 13316 | D:11     | Killed Snorg
 13317 | D:11     | Reached skill level 12 in Ice Magic
 13317 | D:11     | Reached XP level 12. HP: 51/100 MP: 19/24
 13469 | D:11     | Reached ***** piety under Vehumet
 13493 | D:11     | Offered knowledge of Sticky Flame by Vehumet.
 13608 | D:11     | Noticed a death yak
 13647 | D:11     | Killed a death yak
 13648 | D:11     | Reached skill level 10 in Dodging
 13884 | D:11     | Found a staircase to the Lair.
 14513 | Lair:1   | Entered Level 1 of the Lair of Beasts
 14910 | Lair:1   | Found a shadowy altar of Dithmenos.
 15106 | Lair:1   | Reached skill level 13 in Ice Magic
 15566 | Lair:2   | Found a staircase to the Shoals.
 15754 | Lair:2   | Learned a level 5 spell: Irradiate
 15804 | Lair:2   | Reached skill level 1 in Transmutations
 15808 | Lair:2   | Reached skill level 1 in Conjurations
 15808 | Lair:2   | Reached skill level 1 in Air Magic
 15999 | Lair:2   | Learned a level 2 spell: Blink
 16033 | Lair:2   | Reached XP level 13. HP: 59/108 MP: 22/25
 16258 | Lair:2   | Reached skill level 1 in Translocations
 16372 | Lair:2   | Found a staircase to the Snake Pit.
 16653 | Lair:3   | Noticed Amaemon
 16671 | Lair:3   | Killed Amaemon
 16778 | Lair:3   | You fall into a shaft and drop 2 floors!
 16778 | Lair:5   | Entered Level 5 of the Lair of Beasts
 16867 | Lair:5   | Reached skill level 14 in Ice Magic
 16986 | Lair:4   | Reached skill level 5 in Transmutations
 17099 | Lair:4   | Offered knowledge of Eringya's Noxious Bog by Vehumet.
 18227 | Lair:4   | Found a staircase to the Slime Pits.
 19061 | Lair:5   | Reached XP level 14. HP: 110/115 MP: 23/26
 19076 | Lair:5   | Reached skill level 15 in Ice Magic
 19219 | Lair:5   | Paralysed by a hornet for 2 turns
 19533 | Lair:5   | Identified the +1 rapier "Reahe" {heavy, rN+ Int+3}
 19973 | Lair:5   | Noticed a dire elephant
 20002 | Lair:5   | Killed a dire elephant
 20796 | D:12     | Reached skill level 10 in Transmutations
 20824 | D:12     | Found a staircase to the Orcish Mines.
 21037 | D:12     | Identified the staff of earth "Oduha" {Str+2}
 21110 | D:12     | Offered knowledge of Ozocubu's Refrigeration by Vehumet.
 21119 | D:12     | Learned a level 7 spell: Ozocubu's Refrigeration
 21327 | D:12     | Mangled by an enormous slime creature

Illustrated notes

Levels and vault maps discovered:
D:1:      amcnicky_arrival_flooded_fountain, layout_loops_ring
D:2:      layout_rooms, dreamdust_ecumenical_altar_angels_and_demons
D:3:      layout_loops_ring, gammafunk_temple_overflow_claw
D:4:      kennysheep_the_goblin_king, layout_basic,
          minmay_fractal_squares_gapless_5
D:5:      layout_loops_ring, tgw_sif, minmay_temple_entry_hall,
          hangedman_abyss_or_decor_stagger, corexii_checkpoint_a, uniq_eustachio
D:6:      layout_loops_cross, gup_sewer_entry_bubbles, uniq_duvessa
D:7:      layout_loops_ring
D:8:      layout_loops_ring, nicolae_ru_great_annihilating_truth,
          lemuel_mausoleum_altar_yredelemnul
D:9:      layout_roguey, okawaru_trees_2, uniq_pikel
D:10:     layout_stronghold, nicolae_qazlal_scattered_showers, enter_bailey_6
D:11:     dreamdust_isle_of_ice, layout_long_grid, david_lair_shrubbed,
          uniq_snorg
D:12:     layout_long_grid, hiddenorc1_lemuel, minmay_fountain_box,
          minmay_radiant
Temple:   eino_narrow_crystal_temple
Lair:1:   layout_cave_shapes, basic_altar
Lair:2:   layout_gridlike, minmay_shoals_entry_beasts, dummy_snake_entry,
          st_stairs_3, grunt_megastairs_4, lemuel_fruit_fields
Lair:3:   minmay_lair_oklob_chamber, layout_regular_city,
          gauntlet_entry_generic, small_statue_intersection, uniq_amaemon
Lair:4:   layout_cave_pods, slime_entry_1, kennysheep_basilisk_garden
Lair:5:   gammafunk_lair_ancient_temple, layout_layer_cave

Skill      XL: |  1  2  3  4  5  6  7  8  9 10 11 12 13 14 |
---------------+-------------------------------------------+-----
Fighting       | 1 2 3 4 5 7 9 11 12 | 12.0
Ice Magic      | 5 6 7 8 10 12 13 14 15 | 15.8
Spellcasting   | 3 4 5 6 8 |  8.0
Dodging        | 3 4 5 6 8 9 12 | 12.0
Shields        | 1 2 3 4 5 6 |  6.0
Transmutations | 2 8 10 | 10.5
Conjurations   | 1 4 |  4.0
Air Magic      | 1 2 |  2.0
Translocations | 4 |  4.0
Stealth        | |  2.1

Action                     |  1- 3 |  4- 6 |  7- 9 | 10-12 | 13-15 || total
---------------------------+-------+-------+-------+-------+-------++-------
  Melee: Mace              |    52 |   142 |   141 |       |       ||   335
         Trident           |       |       |   158 |   610 |   360 ||  1128
         Tailslap          |       |       |     2 |     7 |     2 ||    11
   Cast: Freeze            |    29 |    33 |     6 |    47 |       ||   115
         Frozen Ramparts   |       |     5 |    50 |    61 |    69 ||   185
         Ozocubu's Armour  |       |     3 |    30 |    51 |    40 ||   124
         Freezing Cloud    |       |       |       |     2 |     7 ||     9
         Irradiate         |       |       |       |       |    15 ||    15
    Use: Potion            |       |       |     2 |     2 |       ||     4
         Scroll            |       |       |       |    22 |     6 ||    28
   Stab: Sleeping          |     4 |     5 |     7 |     7 |     1 ||    24
         Distracted        |       |     1 |       |       |       ||     1
 Armour: Robe              |    32 |    46 |   129 |   201 |   188 ||   596
         Skin              |       |       |     3 |       |       ||     3
  Dodge: Dodged            |    56 |   134 |   257 |   483 |   376 ||  1306
  Block: Buckler           |    19 |    61 |   124 |   258 |   201 ||   663
